 Dungeon Crawl Stone Soup version 0.32-a0-876-gcfddb08e57 (webtiles) character file.

Game seed: 18175474463330900493

156 Esekla the Charlatan (level 5, 0/37 HPs)
             Began as a Demonspawn Wanderer on Mar 31, 2024.
             Succumbed to an orc's poison
             ... on level 4 of the Dungeon.
             The game lasted 00:24:54 (4526 turns).

Esekla the Charlatan (Demonspawn Wanderer)          Turns: 4526, Time: 00:24:54

Health: 0/37       AC:  6    Str: 13    XL:     5   Next: 14%
Magic:  8/8        EV: 10    Int: 16    God:
Gold:   227        SH:  0    Dex: 16    Spells: 3/9 levels left

rFire   . . .        a - +1 dagger
rCold   . . .        (no shield)
rNeg    . . .        c - +0 robe
rPois   .            h - +0 helmet
rElec   .            (no cloak)
rCorr   .            (no gloves)
SInv    +            p - +0 pair of boots
Will    .....        l - amulet of regeneration
Stlth   ++           g - ring of see invisible
HPRegen 1.06/turn    n - +6 ring of dexterity
MPRegen 0.22/turn

%: no passive effects
@: lethally poisoned (0 -> -8)
A: thin metallic scales 1, magic regeneration
a: no special abilities


You were on level 4 of the Dungeon.
You visited 1 branch of the dungeon, and saw 4 of its levels.

You collected 227 gold pieces.

Inventory:

Hand Weapons
 a - a +1 dagger (weapon)
 r - a +0 spear
Missiles
 e - 6 boomerangs (quivered)
Armour
 c - a +0 robe (worn)
 h - a +0 helmet (worn)
 k - a +1 leather armour of cold resistance
 p - a +0 pair of boots (worn)
Magical Staves
 f - a staff of death
Jewellery
 g - a ring of see invisible (left hand)
 l - an amulet of regeneration (around neck)
 n - a +6 ring of dexterity (right hand)
Scrolls
 d - a scroll of poison {unknown}
 i - 2 scrolls of enchant weapon
 o - a scroll of enchant armour {unknown}
Potions
 b - 2 potions of attraction
 j - a potion of haste


   Skills:
 * Level 1.5 Fighting
 + Level 2.3 Short Blades
 + Level 0.3 Maces & Flails
 + Level 0.6 Dodging
 + Level 0.7 Stealth
 * Level 2.5 Spellcasting
 - Level 2.0 Summonings
 * Level 1.6 Translocations
 * Level 0.1 Ice Magic
 + Level 5.3 Evocations


You had 3 spell levels left.
You knew the following spells:

 Your Spells              Type           Power      Damage    Failure   Level
a - Ozocubu's Armour      Ice            2%         N/A       50%         3
b - Blink                 Tloc           14%        N/A       16%         2
c - Summon Small Mammal   Summ           32%        N/A       9%          1

Your spell library contained the following spells:

 Spells                   Type           Power      Damage    Failure   Level
 Momentum Strike          Conj/Tloc      8%         3d8       22%         2
 Summon Ice Beast         Ice/Summ       5%         N/A       36%         3
 Fugue of the Fallen      Necr           2%         N/A       52%         3
 Animate Armour           Summ/Erth      10%        N/A       78%         4
 Vhi's Electric Charge    Tloc/Air       8%         N/A       80%         4
 Arcjolt                  Conj/Air       1%         1d11      99%         5
 Plasma Beam              Fire/Air       1%         2x1d11    100%        6
 Manifold Assault         Tloc           3%         N/A       100%        7


Dungeon Overview and Level Annotations

Branches:
Dungeon (4/15)
 Temple: D:4-7

Altars:
Fedhas

Annotations:
D:2 1 runed translucent door, Crazy Yiuf


Innate Abilities, Weirdness & Mutations

You are partially covered in thin metallic scales. (AC +2)
You regenerate magic rapidly.


Message History

You feel very sick.
You feel sick.
You closely miss the orc.
The orc is moderately wounded.
You feel sick. The orc hits you but does no damage.
You are more poisoned.
You hit the orc.
The orc is heavily wounded.
You feel very sick.
You closely miss the orc.
The orc is heavily wounded.
You feel very sick. The orc closely misses you.
You hit the orc but do no damage.
The orc is heavily wounded.
You feel sick. The orc barely misses you.
You hit the orc but do no damage.
The orc is heavily wounded.
You feel sick. The orc hits you but does no damage.
You are more poisoned.
You hit the orc but do no damage.
The orc is moderately wounded.
You feel very sick. The orc hits you but does no damage.
You are lethally poisoned!
Okay, then.
You hit the orc but do no damage.
The orc is moderately wounded.
* * * LOW HITPOINT WARNING * * *
You feel very sick. The orc closely misses you.
You hit the orc.
The orc is heavily wounded.
* * * LOW HITPOINT WARNING * * *
You feel very sick.
The orc hits you with a +2 dagger of venom.
* * * LOW HITPOINT WARNING * * *
You barely miss the orc.
The orc is heavily wounded.
You die...

#.#..........
######....##.....##
....##.......#....
....##...#####...# ≈
.........# #...##....
....##.### #....g....
....##.#######.#.######
#..............#.#
#>........####)#@#
#.........# #.#o######
#.........####.oo.....#
#..............#.####.#
#.####.######..#)# #.#
#.)....# #..#.# #.#
######## #..#.# #.#
.....# ####.# #.#
####.# #.# #.#


You could see 3 orcs.

Vanquished Creatures
  An orc wizard (D:4)
  4 adders
  3 gnolls
  A ribbon worm (D:2)
  An orc (D:2)
  3 bats
  7 endoplasms
  4 giant cockroaches
  5 goblins
  4 hobgoblins
  4 jackals (D:1)
  7 kobolds
  3 quokkas
  11 ball pythons
  5 frilled lizards
  3 rats
66 creatures vanquished.

Notes
Turn   | Place    | Note
-------+----------+-------------------------------------------
     0 | D:1      | Esekla the Demonspawn Wanderer began the quest for the Orb.
     0 | D:1      | Esekla set off with the following items: a +0 club, a
                  | potion of attraction, a +0 robe, a wand of flame (6); and
                  | the following spell memorised: Summon Small Mammal; and the
                  | following spells available to memorise: Blink, Momentum
                  | Strike, Summon Ice Beast, Animate Armour.
     0 | D:1      | Reached XP level 1. HP: 13/13 MP: 3/3
   268 | D:1      | Found a faded altar of an unknown god.
   292 | D:1      | Gained mutation: You regenerate magic rapidly. [demonic
                  | ancestry]
   292 | D:1      | Reached XP level 2. HP: 6/20 MP: 5/5
   406 | D:1      | Learned a level 2 spell: Blink
  1164 | D:1      | Gained mutation: You are partially covered in thin metallic
                  | scales. (AC +2) [demonic ancestry]
  1164 | D:1      | Reached XP level 3. HP: 20/25 MP: 6/6
  1598 | D:2      | Reached skill level 1 in Short Blades
  2005 | D:2      | Reached skill level 1 in Fighting
  2143 | D:1      | Reached XP level 4. HP: 22/32 MP: 7/7
  2422 | D:2      | Found a runed translucent door.
  2423 | D:2      | Noticed Crazy Yiuf
  2928 | D:3      | Found a blossoming altar of Fedhas.
  2980 | D:3      | Noticed a scorpion
  3065 | D:3      | Learned a level 3 spell: Ozocubu's Armour
  4478 | D:4      | Reached XP level 5. HP: 37/37 MP: 8/8
  4526 | D:4      | Succumbed to an orc's poison

Illustrated notes

Levels and vault maps discovered:
D:1:      dpeg_arrival_erosion, layout_basic, basic_ecumenical_altar,
          minmay_misc_feat_chi, st_stairs_3
D:2:      layout_loops_ring, serial_co_window_serial, co_window_paths_a,
          co_window_paths_a, co_window_corner_a, co_window_corner_a,
          co_window_of_opportunity_a, co_window_corner_ca, co_window_paths_c,
          co_window_corner_b, co_window_paths_c, co_window_unsneaky_path_d,
          co_window_broadway_a, co_window_cross_3, co_window_paths_d,
          glass_columns_c, uniq_crazy_yiuf_cottage
D:3:      minmay_skewed_foursquare, layout_basic, fedhas_altar_2, st_stairs_5
D:4:      layout_basic, mainiacjoe_overflow_cross_hatched,
          general_overflow_altar, mainiacjoe_overflow_alcove_4,
          corexii_item_surrounded_by_moat

Skill      XL: |  1  2  3  4 |
---------------+-------------+-----
Short Blades   | 1 2 |  2.3
Fighting       | 1 |  1.5
Maces & Flails | |  0.3
Dodging        | |  0.6
Stealth        | |  0.7
Spellcasting   | |  2.5
Summonings     | |  2.0
Translocations | |  1.6
Ice Magic      | |  0.1
Evocations     | |  5.3

Action                     |  1- 3 |  4- 6 || total
---------------------------+-------+-------++-------
  Melee: Club              |    35 |       ||    35
         Short sword       |   119 |       ||   119
         Dagger            |    97 |   209 ||   306
  Throw: Boomerang         |       |     1 ||     1
   Cast: Blink             |       |     4 ||     4
  Evoke: Wand              |     3 |     3 ||     6
    Use: Potion            |     1 |     2 ||     3
         Scroll            |       |     4 ||     4
 Armour: Robe              |   151 |   125 ||   276
  Dodge: Dodged            |   138 |    79 ||   217

Table legend: (Time is in decaauts)
 A = Elapsed time spent in this place.
 B = Non-inter-level travel time spent in this place.
 C = Inter-level travel time spent in this place.
 D = Time resting spent in this place.
 E = Time spent auto-exploring this place.
 F = Levels seen in this place.
 G = Mean time per level.
                   A        B        C        D        E       F      G
               +--------+--------+--------+--------+--------+-----+--------+
         Total |   4506 |   4303 |    203 |    553 |   1378 |   4 | 1126.5 |
       Dungeon |   4506 |   4303 |    203 |    553 |   1378 |   4 | 1126.5 |
               +--------+--------+--------+--------+--------+-----+--------+

Top non-repeatable levels by time:
     D:2: 1659 daAuts
     D:1: 1450 daAuts
     D:3: 1107 daAuts
     D:4: 289 daAuts
